 Dungeon Crawl Stone Soup version 0.22.1-1-ga44c0e56f4 (webtiles) character file.

500993 bonsai the Bludgeoner (level 23, -17/244 HPs)
             Began as a Demonspawn Abyssal Knight on Oct 1, 2018.
             Was the Champion of Lugonu.
             Killed from afar by a deep elf sorcerer (31 damage)
             ... with damnation
             ... on level 3 of the Elven Halls on Oct 5, 2018.
             The game lasted 03:21:59 (65602 turns).

bonsai the Bludgeoner (Demonspawn Abyssal Knight)  Turns: 65602, Time: 03:21:59

Health: -17/244    AC: 23    Str: 21    XL:     23   Next: 75%
Magic:  0/37       EV: 19    Int: 28    God:    Lugonu [******]
Gold:   3927       SH: 20    Dex: 18    Spells: 10/42 levels left

rFire    + + .     SeeInvis +   a - +9 eveningstar (distort)
rCold    + + +     Gourm    .   M - +2 shield
rNeg     . . .     Faith    .   W - +6 troll leather armour of Depression {rF+ rC+ MR+ Regen+}
rPois    .         Spirit   +   (helmet unavailable)
rElec    .         Reflect  +   B - scarf {repulsion}
rCorr    .         Harm     .   o - +0 pair of gloves of the Gardener {Int+8 Dex+4 Stlth-} (curse)
MR       +++..                  X - +2 pair of boots of Yredelemnul's Hatred {Int+6}
Stlth    ..........             y - +4 amulet of reflection
HPRegen  0.00/turn              H - ring of the Lich-sworn {*Drain +Blink rF+ rC++}
MPRegen  0.50/turn              Y - ring of Qeeciufriply {*Drain +Fly MR+ Str+4 Int+2}

@: repel missiles
A: antennae 3, iridescent scales 3, [blurry vision 1], clever 1, [dopey 2], foul
stench 2, robust 3, [screaming 1], [inhibited regeneration], [weak 2], magic
shield, magic regeneration, magic link, [no potion heal 2], rot immunity
}: 3/15 runes: decaying, serpentine, abyssal
a: Depart the Abyss, Bend Space, Banish, Corrupt, Enter the Abyss, Renounce
Religion, Evoke Blink, Evoke Flight


You were on level 3 of the Elven Halls.
You worshipped Lugonu.
Lugonu was exalted by your worship.
You were near starving.

You visited 8 branches of the dungeon, and saw 43 of its levels.
You visited the Abyss 2 times.
You also visited: Labyrinth, Ossuary and Ice Cave.

You collected 5884 gold pieces.
You spent 1957 gold pieces at shops.

Inventory:

Hand Weapons
 a - a +9 eveningstar of distortion (weapon)
 j - the +8 autumn katana {slice, Clar}
   (You found it on level 2 of the Lair of Beasts)

   It inflicts extra damage upon your enemies.
   It protects you against confusion.
Missiles
 I - 22 javelins (quivered)
Armour
 m - +0 gold dragon scales
 o - the cursed +0 pair of gloves of the Gardener (worn) {Int+8 Dex+4 Stlth-}
   (You found it on level 3 of the Lair of Beasts)

   It affects your intelligence (+8).
   It affects your dexterity (+4).
   It makes you less stealthy.
   It has a curse placed upon it.
 B - a scarf of repulsion (worn)
 M - a +2 shield (worn)
 W - the +6 troll leather armour of Depression (worn) {rF+ rC+ MR+ Regen+}
   (You bought it in a shop on level 10 of the Dungeon)

   It protects you from fire.
   It protects you from cold.
   It affects your resistance to hostile enchantments.
   It increases your rate of regeneration.
 X - the +2 pair of boots of Yredelemnul's Hatred (worn) {Int+6}
   (You bought it in a shop on level 2 of the Orcish Mines)

   It affects your intelligence (+6).
Jewellery
 b - the ring of Spite {rCorr rElec MR+ Dex-2, unknown}
   (You took it off a fire giant on level 4 of the Depths)

   [ring of resist corrosion]

   It affects your dexterity (-2).
   It insulates you from electricity.
   It affects your resistance to hostile enchantments.
 u - an uncursed ring of wizardry
 y - a +4 amulet of reflection (around neck)
 F - a +3 ring of dexterity {unknown}
 G - an uncursed ring of poison resistance
 H - the ring of the Lich-sworn (left hand) {*Drain +Blink rF+ rC++}
   (You took it off a minotaur in a labyrinth)

   [ring of protection from fire]

   It protects you from fire.
   It greatly protects you from cold.
   It lets you blink.
   It causes draining when unequipped.
 N - an uncursed ring of fire
 O - an uncursed ring of positive energy
 Y - the ring of Qeeciufriply (right hand) {*Drain +Fly MR+ Str+4 Int+2}
   (You found it on level 2 of the Depths)

   [ring of flight]

   It affects your strength (+4).
   It affects your intelligence (+2).
   It affects your resistance to hostile enchantments.
   It lets you fly.
   It causes draining when unequipped.
 Z - the cursed ring "Raxzof" {rElec rC- MP+9 Str-6, unknown}
   (You took it off a deep elf high priest on level 3 of the Elven Halls)

   [ring of strength]

   It affects your strength (-6).
   It makes you vulnerable to cold.
   It insulates you from electricity.
   It affects your magic capacity (+9).
   It has a curse placed upon it.
Wands
 l - a wand of digging (33)
 r - a wand of clouds (7)
 C - a wand of acid (23)
 E - a wand of iceblast (34)
 P - a wand of scattershot (28)
 Q - a wand of enslavement (14)
 R - a wand of disintegration (52)
 U - a wand of paralysis (18)
Scrolls
 d - 12 scrolls of teleportation
 e - 2 scrolls of blinking
 f - 22 scrolls of remove curse {@r2}
 g - 8 scrolls of fog
 h - 12 scrolls of identify {@r1}
 i - 7 scrolls of magic mapping
 p - 3 scrolls of fear
 q - 6 scrolls of enchant armour
 S - 6 scrolls of enchant weapon
 T - 4 scrolls of amnesia
 V - a scroll of silence
Potions
 k - 15 potions of curing {@q1}
 n - 10 potions of brilliance
 s - 3 potions of magic
 t - 4 potions of berserk rage
 w - a potion of flight
 x - 3 potions of invisibility
 z - 3 potions of agility
 A - 6 potions of haste
 D - 5 potions of ambrosia
 J - 2 potions of cancellation
 K - 9 potions of might
Comestibles
 c - 47 rations


   Skills:
 - Level 17.2 Fighting
 - Level 18.0 Maces & Flails
 - Level 13.1 Throwing
 - Level 12.0 Armour
 - Level 10.0 Dodging
 - Level 15.0 Shields
 - Level 10.0 Spellcasting
 - Level 4.0 Hexes
 - Level 11.4 Charms
 * Level 11.3 Summonings
 - Level 3.0 Necromancy
 - Level 6.0 Ice Magic
 - Level 7.8 Air Magic
 - Level 12.0 Invocations
 - Level 4.6 Evocations


You had 10 spell levels left.
You knew the following spells:

 Your Spells              Type           Power        Failure   Level  Hunger
a - Ozocubu's Armour      Chrm/Ice       ######..     1%          3    None
b - Song of Slaying       Chrm           ######..     1%          2    None
c - Shroud of Golubria    Chrm/Tloc      #####.....   1%          2    None
d - Regeneration          Chrm/Necr      ######....   1%          3    None
e - Swiftness             Chrm/Air       ######..     1%          2    None
f - Deflect Missiles      Chrm/Air       ######....   13%         6    #####..
g - Summon Mana Viper     Hex/Summ       ######..     5%          5    ###....
h - Shadow Creatures      Summ           N/A          6%          6    #####..
z - Spectral Weapon       Hex/Chrm       ######..     1%          3    None

Your spell library contained the following spells:

 Spells                   Type           Power        Failure   Level  Hunger
 Confusing Touch          Hex            #####.       1%          1    None
 Corona                   Hex            #####..      1%          1    None
 Freeze                   Ice            ####         1%          1    None
 Infusion                 Chrm           ####         1%          1    None
 Pain                     Necr           ####         1%          1    None
 Shock                    Conj/Air       ####         1%          1    None
 Summon Small Mammal      Summ           ####         1%          1    None
 Call Imp                 Summ           ######..     1%          2    None
 Corpse Rot               Necr           N/A          1%          2    None
 Poisonous Vapours        Pois/Air       #####.       1%          2    None
 Slow                     Hex            #####...     1%          2    None
 Sublimation of Blood     Necr           ####......   1%          2    None
 Throw Frost              Conj/Ice       ####..       1%          2    None
 Call Canine Familiar     Summ           ######..     1%          3    None
 Recall                   Summ/Tloc      N/A          1%          3    None
 Summon Guardian Golem    Hex/Summ       ######..     1%          3    None
 Airstrike                Air            ######....   1%          4    None
 Summon Ice Beast         Ice/Summ       ######..     1%          4    None
 Summon Lightning Spire   Summ/Air       ######..     1%          4    None
 Aura of Abjuration       Summ           ######....   1%          5    ###....
 Summon Demon             Summ           ######....   1%          5    ###....
 Confuse                  Hex            #####...     2%          3    None
 Static Discharge         Conj/Air       #####...     2%          3    None
 Apportation              Tloc           ##....       4%          1    None
 Flame Tongue             Conj/Fire      ##...        4%          1    None
 Magic Dart               Conj           ##..         4%          1    None
 Sandblast                Erth           ##....       4%          1    None
 Sting                    Conj/Pois      ##..         4%          1    None
 Mephitic Cloud           Conj/Pois/Air  ####....     4%          3    None
 Dazzling Spray           Conj/Hex       ####..       6%          3    None
 Inner Flame              Hex/Fire       ####....     6%          3    None
 Portal Projectile        Hex/Tloc       ####..       6%          3    None
 Excruciating Wounds      Chrm/Necr      ######....   6%          5    ###....
 Blink                    Tloc           N/A          7%          2    None
 Passwall                 Tmut/Erth      ##......     7%          2    None
 Searing Ray              Conj           ##....       7%          2    None
 Throw Flame              Conj/Fire      ##....       7%          2    None
 Cause Fear               Hex            #####.....   9%          4    None
 Silence                  Hex/Air        #####.....   11%         5    ###....
 Iskenderun's Battlesphe  Conj/Chrm      #####...     12%         5    ###....
 Summon Forest            Summ/Tloc      #####.....   12%         5    ###....
 Conjure Flame            Conj/Fire      ##......     13%         3    None
 Gell's Gravitas          Tloc           ##........   13%         3    None
 Ignite Poison            Fire/Tmut/Pois ##......     13%         3    None
 Lesser Beckoning         Tloc           ##........   13%         3    None
 Spider Form              Tmut/Pois      ##........   13%         3    None
 Stone Arrow              Conj/Erth      ##....       13%         3    None
 Teleport Other           Tloc           ##......     13%         3    None
 Animate Dead             Necr           N/A          13%         4    None
 Throw Icicle             Conj/Ice       ####....     13%         4    None
 Metabolic Englaciation   Hex/Ice        #####.....   16%         5    ###....
 Fulminant Prism          Conj/Hex       ####......   19%         4    None
 Leda's Liquefaction      Hex/Erth       ####......   19%         4    None
 Lightning Bolt           Conj/Air       #####.....   26%         5    ###....
 Agony                    Necr           ####....     34%         5    ###....
 Dispel Undead            Necr           ####....     34%         5    ###....
 Force Lance              Conj/Tloc      ##......     41%         4    None
 Iskenderun's Mystic Bla  Conj           ##......     41%         4    None
 Olgreb's Toxic Radiance  Pois           ##......     41%         4    None
 Passage of Golubria      Tloc           N/A          41%         4    None
 Petrify                  Tmut/Erth      ##......     41%         4    None
 Sticky Flame             Conj/Fire      ##......     41%         4    None
 Yara's Violent Unravell  Hex/Tmut       ####......   47%         5    ###....
 Bolt of Draining         Conj/Necr      ###.......   54%         5    ###....
 Borgnjor's Vile Clutch   Necr/Erth      ###.......   54%         5    ###....
 Alistair's Intoxication  Tmut/Pois      ##......     77%         5    ###....
 Blade Hands              Tmut           ##........   77%         5    ###....
 Bolt of Magma            Conj/Fire/Erth ##........   77%         5    ###....
 Fireball                 Conj/Fire      ##........   77%         5    ###....
 Irradiate                Conj/Tmut      ##........   77%         5    ###....
 Lee's Rapid Deconstruct  Erth           ##........   77%         5    ###....
 Venom Bolt               Conj/Pois      ##........   77%         5    ###....
 Conjure Ball Lightning   Conj/Air       #####.....   80%         6    #####..
 Malign Gateway           Summ/Tloc      #####.....   98%         7    ######.
 Ring of Flames           Chrm/Fire      #####.....   98%         7    ######.
 Bolt of Fire             Conj/Fire      ##........   100%        6    #####..
 Hydra Form               Tmut           ##........   100%        6    #####..
 Iron Shot                Conj/Erth      ##........   100%        6    #####..
 Statue Form              Tmut/Erth      ##.......    100%        6    #####..
 Dragon Form              Tmut           ##........   100%        7    ######.
 Ignition                 Fire           ##........   100%        8    #######
 Shatter                  Erth           ##........   100%        9    #######
 Tornado                  Air            ######....   100%        9    #######


Dungeon Overview and Level Annotations

Branches:
Dungeon (15/15)            Temple (0/1) D:4            Lair (6/6) D:11
  Swamp (4/4) Lair:2        Snake (4/4) Lair:4        Slime (0/5) Lair:6
    Orc (2/2) D:9             Elf (3/3) Orc:2        Vaults (4/5) D:14
  Crypt (0/3) Vaults:2     Depths (5/5) D:15            Zot (0/5) Depths:5

Altars:
Ashenzari
Cheibriados
Dithmenos
Fedhas
Gozag
Hepliaklqana
Makhleb
Ru
Sif Muna
Trog
Vehumet
Xom
Beogh
Lugonu

Shops:
D:5 (   D:10 [   Orc:2 ([*=   Elf:1 [   Snake:2 !   Snake:4 (   Vaults:1 *}
Vaults:3 [   Depths:1 }[?*

Portals:
Hell: Depths:1 Depths:2 Depths:3 Depths:4 Depths:5
Abyss: Depths:2 Depths:3 Depths:4
Pandemonium: Depths:1 Depths:3
Ziggurat: Depths:3

Annotations:
D:14 haesbaert's ghost, journeyman KoGl
Vaults:1 3 runed doors, exclusions: obsidian statue and 1 more exclusion, Dask's ghost, veteran BaTm
Abyss:1 Boris


Innate Abilities, Weirdness & Mutations

You have a pair of large antennae on your head. (SInv)
You are completely covered in iridescent scales. (AC +6)
You frequently emit foul miasma when damaged in melee.
You are extremely robust. (+30% HP)
When hurt, damage is shared between your health and your magic reserves.
You regenerate magic rapidly.
When low on magic, you restore magic in place of health.
You are immune to rotting.
Your mind is acute. (Int +2)
[Scrolls take you a little longer to read.]
[You are very dopey. (Int -4)]
[You occasionally shout uncontrollably at your foes.]
[You do not regenerate when monsters are visible.]
[You are very weak. (Str -4)]
[Potions are poor at restoring your health.]


Message History

The deep elf sorcerer is empowered by something's aura!
The deep elf sorcerer gestures at you while chanting.
You resist with almost no effort.
The deep elf high priest invokes the aid of its god against you.
Something smites you!
* * * LOW HITPOINT WARNING * * *
You hear a shout!
The deep elf sorcerer points at you and mumbles some strange words.
The sphere of damnation explodes!
The damnation engulfs you!
* * * LOW HITPOINT WARNING * * *
Your system partially rejects the healing.
You feel much better.
You block the deep elf sorcerer's attack. x2
Things that are here:
a rapier; a leather armour; a rapier The deep elf sorcerer casts a spell at you.
The bolt of acid is repelled.
The deep elf sorcerer casts a spell at you.
The sphere of damnation explodes!
The damnation engulfs you!
You die...

#......## #..[.##...#..##..##..
#......## #.##...e..#....#...##
#.....+.# #.####.{...#.#.#.....
####....#####'##..##[..#....#....
#...###....#..#.....##..##..#...#
###....###.#......).....).##...#.
####......#.)ee)[...###...)..#.
######......#...)...### ###.....#
.......##....#.[@[.######..##...#
#######..##..#...............##..
##...##.....#######........
###.....##.# ###...... ##...#####
####### ##### #


You could see 2 deep elf sorcerers.

Vanquished Creatures
  Saint Roka (Vaults:2)
  Vashnia (Snake:4)
  A caustic shrike (Depths:2)
  3 golden dragons (Depths:5)
  Rupert (Lair:3)
  2 tentacled monstrosities
  A titan (Depths:3)
  Asterion (Snake:3)
  A quicksilver dragon (Depths:2)
  An Executioner (Abyss:2)
  2 deep elf blademasters
  4 sphinxes
  4 thorn hunters
  4 tengu reavers
  2 storm dragons
  Agnes (Elf:2)
  A revenant (Vaults:2)
  8 nagarajas (Snake:4)
  5 fire giants
  Roxanne (Snake:4)
  5 deep elf sorcerers
  10 frost giants
  Louise (D:15)
  A cacodemon (Abyss:2)
  3 vault wardens
  7 ironheart preservers
  2 iron dragons
  A draconian annihilator (Depths:5)
  13 very ugly things
  2 entropy weavers
  3 deep elf elementalists
  10 stone giants
  2 spriggan defenders
  A vampire knight (Depths:2)
  A red draconian (Depths:5)
  6 deep elf demonologists
  A black draconian (Depths:5)
  2 minotaurs
  6 small abominations
  A yellow draconian (Depths:5)
  A purple draconian (Depths:5)
  10 ettins
  13 spark wasps
  4 deep elf annihilators
  11 fire dragons
  9 great orbs of eyes
  2 jiangshi
  Josephine (Swamp:1)
  A deep elf death mage (Elf:2)
  Fannar (Lair:2)
  6 deep elf high priests
  7 yaktaur captains
  A vault guard (D:14)
  14 hydras
  4 rakshasas
  11 ice dragons
  A hell beast (Depths:1)
  15 naga warriors
  A death knight (Vaults:1)
  2 ghost crabs (Swamp:4)
  2 spriggan air magi (Depths:3)
  The ghost of Zarkath the Fighter, a journeyman GrFi of Makhleb (Lair:1)
  12 anacondas
  A catoblepas (Lair:6)
  29 two-headed ogres
  10 deep troll shamans
  7 centaur warriors
  20 dancing weapons
  7 ogre magi
  2 vampire magi (Depths:1)
  5 deep troll earth magi
  3 death yaks (Lair:6)
  Urug (D:11)
  11 alligators
  An orc high priest (Orc:2)
  21 naga sharpshooters
  5 tengu warriors
  9 deep elf knights
  Nergalle (Orc:2)
  3 shock serpents
  10 hell knights
  4 spriggan berserkers
  A thrashing horror (Abyss:2)
  A storm dragon zombie (Depths:3)
  Sonja (D:12)
  4 wretched stars
  A sixfirhy (Abyss:2)
  5 salamander mystics
  A spark wasp zombie (Depths:2)
  A spatial maelstrom (Abyss:2)
  7 large abominations
  A death drake (Abyss:2)
  A shadow wraith (Vaults:4)
  A glowing orange brain (shapeshifter) (D:14)
  29 deep trolls
  2 unseen horrors
  A spriggan druid (Swamp:3)
  10 swamp dragons (Swamp:4)
  3 flayed ghosts
  2 unseen horrors (shapeshifter)
  A storm dragon skeleton (Depths:4)
  6 glowing orange brains
  9 naga ritualists
  A phantasmal warrior (Vaults:2)
  7 mana vipers
  A tengu zombie (Vaults:4)
  A shambling mangrove (Swamp:4)
  7 necromancers
  4 harpies (Vaults:3)
  The ghost of Gargoyl the Covered, a novice CeAK of Lugonu (D:6)
  5 lindwurms
  10 wizards
  6 deep elf archers
  An orb spider (Abyss:2)
  7 ironbrand convokers
  2 shining eyes (shapeshifter) (Depths:2)
  2 wolf spiders
  40 deep elf magi
  9 orc knights
  7 orc sorcerers
  16 salamanders
  3 manticores
  An oklob plant (Snake:3)
  20 ugly things
  7 cyclopes
  2 spriggan zombies
  A shock serpent zombie (Abyss:2)
  A rust devil (Depths:1)
  15 vault sentinels
  A guardian serpent (shapeshifter) (Depths:5)
  7 elephants
  A water nymph (shapeshifter) (Depths:2)
  27 black mambas
  An apocalypse crab (Abyss:2)
  2 torpor snails (Lair:6)
  2 ice statues (IceCv)
  11 guardian serpents
  9 naga magi
  An orange demon (Abyss:2)
  A smoke demon (Abyss:2)
  A frost giant skeleton (Depths:4)
  5 rime drakes
  2 gargoyles
  14 spiny frogs
  A yaktaur zombie (Vaults:4)
  A rime drake (shapeshifter) (Depths:5)
  A yaktaur (shapeshifter) (Depths:2)
  4 ice devils (IceCv)
  43 yaktaurs
  7 freezing wraiths
  A tengu conjurer (Depths:1)
  8 trolls
  7 komodo dragons
  A merfolk (shapeshifter) (Vaults:4)
  A jumping spider (Vaults:4)
  13 hornets
  4 polar bears (Lair:2)
  A tyrant leech (shapeshifter) (Depths:4)
  8 meliai
  A hornet (shapeshifter) (Depths:2)
  A shadow dragon simulacrum (Depths:4)
  4 raiju (Abyss:2)
  12 tyrant leeches
  18 blink frogs
  16 slime creatures
  Grinder (D:5)
  4 dream sheep
  An ettin zombie (Abyss:2)
  11 bog bodies
  An ice dragon zombie (Depths:1)
  5 flying skulls (Depths:1)
  A vampire (D:13)
  A shapeshifter (Depths:1)
  14 hippogriffs
  4 spriggans (Swamp:3)
  A spriggan (shapeshifter) (Depths:2)
  16 starcursed masses
  2 air elementals (Elf:2)
  2 shadows
  24 yaks
  Sigmund (D:4)
  A redback (shapeshifter) (Depths:5)
  A redback (Lab)
  2 fire elementals
  A hog (shapeshifter) (Depths:2)
  9 fire bats
  5 wraiths
  A ynoxinul (Abyss:2)
  4 water elementals
  2 neqoxecs (Abyss:2)
  3 basilisks (D:11)
  15 humans (D:14)
  5 wyverns
  5 vampire mosquitoes
  2 yaktaur simulacra
  Menkaure (D:7)
  3 chaos spawn (Abyss:2)
  3 hungry ghosts
  A spatial vortex (Abyss:2)
  5 wargs
  13 water moccasins
  14 swamp worms
  7 insubstantial wisps
  5 acid dragons
  67 nagas
  A hell hound (Depths:1)
  A floating eye (Depths:3)
  Duvessa (D:4)
  15 swamp drakes
  12 porcupines
  7 black bears
  4 ice beasts
  A black bear (shapeshifter) (Depths:3)
  39 orc warriors
  2 phantoms
  A sky beast (D:8)
  An ettin simulacrum (Depths:1)
  2 necrophages
  28 ogres
  18 wolves
  4 boggarts (Depths:2)
  15 centaurs
  A big kobold (shapeshifter) (Depths:2)
  15 crocodiles
  2 big kobolds
  5 elf zombies (Ossuary)
  17 bullfrogs
  Blork the orc (Orc:2)
  An earth elemental (Elf:3)
  A glowing shapeshifter simulacrum (Vaults:1)
  Dowan (D:4)
  A wyvern skeleton (D:10)
  5 scorpions
  A human simulacrum (Vaults:1)
  20 killer bees
  An electric eel (Lair:5)
  8 howler monkeys
  7 crimson imps
  2 bullfrog zombies (D:8)
  5 centaur zombies (Ossuary)
  A draconian simulacrum (IceCv)
  2 human zombies (Ossuary)
  A quasit (Abyss:2)
  7 hounds
  16 jellies
  An iron imp (Abyss:3)
  25 orc priests
  Crazy Yiuf (D:2)
  A bullfrog skeleton (D:10)
  3 centaur skeletons
  An iguana (D:10)
  Natasha (thrice) (D:2)
  4 worker ants
  35 orc wizards
  2 troll simulacra (IceCv)
  A centaur simulacrum (D:6)
  2 hound skeletons
  4 mummies
  A killer bee simulacrum (D:6)
  3 gnolls (D:11)
  13 adders
  5 naga simulacra (IceCv)
  5 shadow imps
  5 white imps
  An ufetubus (Abyss:2)
  6 oozes
  3 worms
  3 dart slugs
  An adder simulacrum (D:6)
  7 leopard geckos
  95 orcs
  2 ball pythons (D:2)
  4 bats
  2 giant cockroaches
  9 hobgoblins
  2 jackals (D:4)
  13 kobolds
  6 quokkas
  3 frilled lizards
  14 goblins
  3 leopard gecko skeletons
  A quokka zombie (D:7)
  7 rats
  A crawling corpse (Depths:4)
  A lurking horror (Abyss:2)
1742 creatures vanquished.

Vanquished Creatures (others)
  An ancient lich (Depths:2)
  A juggernaut (Depths:5)
  A caustic shrike (Depths:2)
  The ghost of Riddle the Fencer, an adept KoMo of Dithmenos (Swamp:3)
  2 nagarajas (Snake:4)
  A frost giant (Vaults:3)
  A vault warden (Vaults:3)
  A juggernaut zombie (Depths:2)
  A very ugly thing (Vaults:3)
  2 ironheart preservers
  A stone giant (Depths:5)
  A dire elephant (Lair:6)
  A deep elf annihilator (Elf:1)
  A spark wasp (Depths:5)
  A jiangshi (Depths:1)
  A crystal guardian (Vaults:4)
  3 fire dragons
  An ettin (Depths:5)
  3 hydras
  3 yaktaur captains
  9 naga warriors
  4 ice dragons
  4 centaur warriors
  A deep troll shaman (Depths:3)
  2 ogre magi
  2 alligators (Swamp:2)
  A deep troll earth mage (Vaults:3)
  3 dancing weapons (Elf:2)
  A shock serpent (Snake:4)
  4 naga sharpshooters
  A vampire mage (Depths:4)
  2 deep elf knights
  A wretched star (Abyss:3)
  An iron troll (Depths:1)
  A salamander mystic (Depths:3)
  4 deep trolls
  An unseen horror (shapeshifter) (Vaults:3)
  A flayed ghost (Depths:2)
  A spriggan druid (Swamp:3)
  A glowing orange brain (Depths:5)
  A golden dragon skeleton (Depths:4)
  A shadow dragon zombie (Vaults:4)
  A naga ritualist (Snake:4)
  3 ironbrand convokers
  2 deep elf magi
  2 deep elf archers
  A necromancer (Depths:4)
  2 lindwurms (Lair:2)
  A harpy (Vaults:3)
  4 ugly things
  3 salamanders
  A salamander (shapeshifter) (Depths:2)
  A black mamba (Snake:4)
  A rust devil (Abyss:2)
  2 naga magi (Snake:4)
  A spiny frog (Swamp:4)
  9 yaktaurs
  A torpor snail (Lair:6)
  2 freezing wraiths (Vaults:4)
  A komodo dragon (D:12)
  A troll (Orc:1)
  A jumping spider (Vaults:2)
  2 hornets (Lair:6)
  2 bog bodies
  2 blink frogs (Swamp:4)
  3 slime creatures
  A small abomination (Abyss:2)
  A starcursed mass (Abyss:2)
  4 yaks (Lair:6)
  2 humans (D:14)
  A vampire mosquito (D:15)
  A neqoxec (Abyss:2)
  9 nagas
  A soldier ant (shapeshifter) (Depths:2)
  A water moccasin (Lair:6)
  A floating eye (Depths:3)
  7 orc warriors
  An eye of draining (shapeshifter) (Depths:1)
  A centaur (Vaults:3)
  3 orc wizards
  A troll simulacrum (IceCv)
  An ogre simulacrum (IceCv)
  2 briar patches (Swamp:3)
  2 bushes (Depths:4)
  10 fungi
  60 plants
  10 spectral weapons
244 creatures vanquished.

Grand Total: 1986 creatures vanquished

Notes
Turn   | Place    | Note
-------+----------+-------------------------------------------
     0 | Abyss:1  | bonsai the Demonspawn Abyssal Knight began the quest for
                  | the Orb.
     0 | Abyss:1  | Reached XP level 1. HP: 18/18 MP: 2/2
     6 | D:1      | Escaped the Abyss
    13 | D:1      | Noticed a rime drake
    15 | D:1      | Noticed a polar bear
   149 | D:1      | Reached skill level 2 in Maces & Flails
   512 | D:1      | Gained mutation: You are immune to rotting. [demonic
                  | ancestry]
   512 | D:1      | Reached XP level 2. HP: 13/24 MP: 2/4
  1237 | D:1      | Reached ** piety under Lugonu
  1237 | D:1      | Gained mutation: You may emit foul miasma when damaged in
                  | melee. [demonic ancestry]
  1237 | D:1      | Reached XP level 3. HP: 29/29 MP: 5/5
  1372 | D:2      | Noticed Natasha
  1377 | D:2      | Killed Natasha
  1377 | D:2      | Reached skill level 3 in Maces & Flails
  1382 | D:2      | Gained mutation: You have a pair of small antennae on your
                  | head. [demonic ancestry]
  1382 | D:2      | Reached XP level 4. HP: 5/35 MP: 5/7
  1529 | D:2      | Noticed Natasha
  1543 | D:2      | HP: 2/52 [Natasha/magic dart (2)]
  1546 | D:2      | Killed Natasha
  2133 | D:2      | Found a shadowy altar of Dithmenos.
  2146 | D:2      | Reached skill level 5 in Invocations
  2275 | D:2      | Reached XP level 5. HP: 26/41 MP: 8/8
  2739 | D:2      | Found a runed door.
  2743 | D:2      | Noticed Crazy Yiuf
  2747 | D:2      | Killed Crazy Yiuf
  2801 | D:2      | Noticed Natasha
  2808 | D:2      | Killed Natasha
  2947 | D:2      | Reached skill level 4 in Maces & Flails
  2951 | D:2      | Found a sacrificial altar of Ru.
  3541 | D:3      | Gained mutation: You are partially covered in iridescent
                  | scales. (AC +2) [demonic ancestry]
  3541 | D:3      | Reached XP level 6. HP: 41/47 MP: 10/10
  3611 | D:3      | Found a deep blue altar of Sif Muna.
  3812 | D:4      | Noticed Sigmund
  3997 | D:4      | Found a bloodstained altar of Trog.
  4003 | D:4      | Noticed Duvessa
  4012 | D:4      | Killed Duvessa
  4012 | D:4      | Reached *** piety under Lugonu
  4012 | D:4      | Reached skill level 5 in Maces & Flails
  4014 | D:4      | Noticed Dowan
  4251 | D:4      | Killed Dowan
  4320 | D:4      | Gained mutation: When hurt, damage is shared between your
                  | health and your magic reserves. [demonic ancestry]
  4320 | D:4      | Reached XP level 7. HP: 12/52 MP: 11/11
  4325 | D:4      | Reached skill level 6 in Maces & Flails
  5148 | D:4      | Found a staircase to the Ecumenical Temple.
  5169 | D:4      | Killed Sigmund
  5169 | D:4      | Reached skill level 7 in Maces & Flails
  5719 | D:5      | Entered Level 5 of the Dungeon
  5756 | D:5      | Found a sand-covered staircase.
  5766 | Ossuary  | Entered an ossuary
  5961 | Ossuary  | Gained mutation: You regenerate magic rapidly. [demonic
                  | ancestry]
  5961 | Ossuary  | Reached XP level 8. HP: 20/58 MP: 5/12
  6165 | Ossuary  | Reached skill level 8 in Maces & Flails
  6531 | Ossuary  | Reached skill level 9 in Maces & Flails
  6696 | D:5      | Found Depric's Weapon Boutique.
  6704 | D:5      | Noticed Grinder
  6723 | D:5      | Paralysed by Grinder for 6 turns
  6724 | D:5      | Killed Grinder
  7216 | D:5      | Reached skill level 10 in Maces & Flails
  7427 | D:5      | Gained mutation: You are mostly covered in iridescent
                  | scales. (AC +4) [demonic ancestry]
  7427 | D:5      | Reached XP level 9. HP: 44/63 MP: 11/13
  7684 | D:5      | Reached **** piety under Lugonu
  7941 | D:6      | Found a runed gate.
  7941 | D:6      | Found a runed gate.
  7941 | D:6      | Found a runed gate.
  8097 | D:6      | Found a snail-covered altar of Cheibriados.
  8135 | D:6      | You fall through a shaft for 3 floors!
  8439 | D:6      | Found a burning altar of Makhleb.
  8595 | D:6      | Noticed Gargoyl's ghost (novice CeAK)
  8762 | D:7      | Found an opulent altar of Gozag.
  8813 | D:7      | Reached skill level 11 in Maces & Flails
  9437 | D:7      | Got a dazzling chain mail
  9438 | D:7      | Identified the +8 chain mail of the Desert {rElec rF- rC-
                  | SInv} (You found it on level 7 of the Dungeon)
  9524 | D:7      | Noticed Menkaure
  9542 | D:7      | Killed Menkaure
  9739 | D:7      | Noticed a sixfirhy
  9741 | D:7      | Found a runed door.
 10387 | D:8      | Found a shimmering altar of Xom.
 10387 | D:8      | Found a radiant altar of Vehumet.
 10387 | D:8      | Found a blossoming altar of Fedhas.
 10736 | D:8      | Reached XP level 10. HP: 28/71 MP: 9/15
 11146 | D:8      | Reached skill level 12 in Maces & Flails
 11265 | D:8      | Reached ***** piety under Lugonu
 11904 | D:9      | Reached skill level 5 in Fighting
 12810 | D:8      | Reached skill level 5 in Armour
 13233 | D:9      | Found a staircase to the Orcish Mines.
 13508 | D:10     | Entered Level 10 of the Dungeon
 13995 | D:10     | Found Finniw's Armour Boutique.
 14040 | D:10     | Gained mutation: You have a pair of antennae on your head.
                  | [demonic ancestry]
 14040 | D:10     | Reached XP level 11. HP: 83/83 MP: 18/18
 14493 | D:10     | Reached skill level 10 in Invocations
 14513 | D:10     | Killed an unseen horror
 15246 | D:11     | Noticed a two-headed ogre
 15283 | D:10     | Killed a two-headed ogre
 15649 | D:11     | Noticed a two-headed ogre
 15663 | D:11     | Killed a two-headed ogre
 15817 | D:11     | Noticed Urug
 15871 | D:11     | HP: 1/86 [wyvern (6)]
 15884 | D:11     | Killed Urug
 16314 | D:11     | Found a staircase to the Lair.
 16368 | D:11     | Reached ****** piety under Lugonu
 16500 | D:11     | Noticed a fire dragon
 16502 | D:11     | Banished a fire dragon
 16859 | D:10     | Bought a +0 pair of boots for 58 gold pieces
 16897 | Lair:1   | Entered Level 1 of the Lair of Beasts
 16911 | Lair:1   | Found a labyrinth entrance.
 16920 | Lab      | Entered a labyrinth
 17054 | Lab      | Reached skill level 1 in Dodging
 17054 | Lab      | Gained mutation: You are completely covered in iridescent
                  | scales. (AC +6) [demonic ancestry]
 17054 | Lab      | Reached XP level 12. HP: 94/94 MP: 21/21
 17105 | Lab      | Noticed a minotaur
 17113 | Lab      | Killed a minotaur
 17115 | Lab      | Got a shimmering brass ring
 17143 | Lab      | Identified the ring of the Lich-sworn {*Drain +Blink rF+
                  | rC++} (You took it off a minotaur in a labyrinth)
 17207 | Lair:1   | Noticed Zarkath's ghost (journeyman GrFi)
 17214 | Lair:1   | Noticed a minotaur
 17289 | Lair:1   | Noticed a seven-headed hydra
 17296 | Lair:1   | Killed a seven-headed hydra
 17485 | Lair:1   | Found a runed gate.
 17486 | Lair:1   | Found a runed gate.
 17487 | Lair:1   | Found a runed gate.
 18137 | Lair:2   | Reached skill level 1 in Evocations
 19322 | Lair:2   | Identified a +7 eveningstar of distortion (a +5 eveningstar
                  | corrupted by Lugonu)
 19322 | Lair:2   | Received a gift from Lugonu
 19363 | Lair:2   | Found the +8 autumn katana {slice, Clar}
 19375 | Lair:2   | Noticed Fannar
 19456 | Lair:2   | Found a staircase to the Swamp.
 19504 | Lair:2   | Reached skill level 13 in Maces & Flails
 19748 | Lair:2   | Learned a level 2 spell: Song of Slaying
 20106 | Lair:2   | Reached skill level 14 in Maces & Flails
 20106 | Lair:2   | Gained mutation: You have a pair of large antennae on your
                  | head. (SInv) [demonic ancestry]
 20106 | Lair:2   | Reached XP level 13. HP: 102/102 MP: 22/22
 20152 | Lair:2   | Identified the Almanac of the Supportive Volcanoes
 20493 | Lair:3   | Got a pair of smoking gloves
 20494 | Lair:3   | Identified the cursed +0 pair of gloves of the Gardener
                  | {Int+8 Dex+4 Stlth-} (You found it on level 3 of the Lair
                  | of Beasts)
 20521 | Lair:3   | Reached skill level 1 in Spellcasting
 20521 | Lair:3   | Reached skill level 1 in Charms
 20525 | Lair:3   | Gained mutation: When low on magic, you restore magic in
                  | place of health. [demonic ancestry]
 20525 | Lair:3   | Reached XP level 14. HP: 92/109 MP: 20/23
 20728 | Lair:3   | Noticed Rupert
 20745 | Lair:3   | Paralysed by Rupert for 3 turns
 20755 | Lair:3   | Paralysed by Rupert for 2 turns
 20767 | Lair:3   | Paralysed by Rupert for 3 turns
 20776 | Lair:3   | Paralysed by Rupert for 5 turns
 20811 | Lair:3   | Killed Rupert
 20811 | Lair:3   | Reached skill level 10 in Fighting
 21512 | Lair:4   | Found a staircase to the Snake Pit.
 23292 | Lair:6   | Entered Level 6 of the Lair of Beasts
 23316 | Lair:6   | Found a staircase to the Slime Pits.
 23496 | Lair:6   | Found a frozen archway.
 23505 | IceCv    | Entered an ice cave
 23523 | IceCv    | Reached skill level 5 in Dodging
 24172 | D:10     | Bought the +6 troll leather armour of Depression {rF+ rC+
                  | MR+ Regen+} for 930 gold pieces
 24754 | Lair:6   | Reached skill level 15 in Maces & Flails
 24928 | Lair:6   | Found a runed door.
 25219 | Lair:6   | Reached XP level 15. HP: 96/117 MP: 24/24
 25233 | Lair:6   | Learned a level 2 spell: Swiftness
 25237 | Lair:6   | Learned a level 3 spell: Spectral Weapon
 25241 | Lair:6   | Learned a level 3 spell: Regeneration
 25244 | Lair:6   | Learned a level 2 spell: Shroud of Golubria
 25809 | Orc:1    | Entered Level 1 of the Orcish Mines
 26072 | Orc:2    | Entered Level 2 of the Orcish Mines
 26086 | Orc:2    | Reached skill level 1 in Hexes
 26120 | Orc:2    | Found a staircase to the Elven Halls.
 26201 | Orc:2    | Noticed Blork the orc
 26201 | Orc:2    | Noticed an orc warlord
 26623 | Orc:2    | Noticed Nergalle
 26670 | Orc:2    | Killed Blork the orc
 26924 | Orc:2    | Killed Nergalle
 26925 | Orc:2    | Found a roughly hewn altar of Beogh.
 26934 | Orc:2    | Found Pozuts's Antique Weapon Shop.
 27060 | Orc:2    | Found Giulu's General Store.
 27075 | Orc:2    | Found Ovvem's Jewellery Shop.
 27206 | Orc:2    | Found Imosirch's Antique Armour Shop.
 27212 | Orc:2    | Bought a pair of brightly glowing boots for 304 gold pieces
 27212 | Orc:2    | Bought a pair of embroidered boots for 240 gold pieces
 27212 | Orc:2    | Bought an embroidered scarf for 256 gold pieces
 27212 | Orc:2    | Identified the +2 pair of boots of Yredelemnul's Hatred
                  | {Int+6} (You bought it in a shop on level 2 of the Orcish
                  | Mines)
 28507 | D:12     | Noticed Sonja
 28658 | D:12     | Reached skill level 10 in Armour
 28965 | D:12     | Killed Sonja
 28965 | D:12     | Reached skill level 5 in Spellcasting
 30092 | D:14     | Found a shattered altar of Ashenzari.
 30109 | D:14     | Reached skill level 5 in Charms
 30344 | D:14     | Found a transporter.
 30344 | D:14     | Noticed a fire giant
 30344 | D:14     | Noticed haesbaert's ghost (journeyman KoGl)
 30351 | D:14     | Found a transporter.
 30708 | D:14     | Found a gate to the Vaults.
 30779 | D:15     | Entered Level 15 of the Dungeon
 31047 | D:15     | Noticed Louise
 31062 | D:15     | Killed Louise
 31339 | D:15     | Found a staircase to the Depths.
 31386 | D:15     | Reached skill level 1 in Shields
 31391 | D:15     | Gained mutation: You are robust. (+10% HP) [demonic
                  | ancestry]
 31391 | D:15     | Reached XP level 16. HP: 106/138 MP: 22/25
 31929 | Lair:2   | Killed Fannar
 31968 | Swamp:1  | Entered Level 1 of the Swamp
 32090 | Swamp:1  | Found the +2 Maxwell's thermic engine {flame, freeze}
 32313 | Swamp:1  | Noticed Josephine
 32324 | Swamp:1  | Reached skill level 16 in Maces & Flails
 32334 | Swamp:1  | Killed Josephine
 33504 | Swamp:3  | Noticed a thorn hunter
 33531 | Swamp:3  | Killed a thorn hunter
 34072 | Swamp:3  | Found a runed door.
 34075 | Swamp:3  | Found a shimmering altar of Xom.
 34075 | Swamp:3  | Noticed Riddle's ghost (adept KoMo)
 34304 | Swamp:3  | Reached skill level 1 in Throwing
 34562 | Swamp:4  | Entered Level 4 of the Swamp
 34983 | Swamp:4  | Noticed a thorn hunter
 34990 | Swamp:4  | Noticed a thorn hunter
 35150 | Swamp:4  | Killed a thorn hunter
 35383 | Swamp:4  | Got a decaying rune of Zot
 35791 | Swamp:4  | Noticed a thorn hunter
 35823 | Swamp:4  | Killed a thorn hunter
 35829 | Swamp:4  | Killed a thorn hunter
 35829 | Swamp:4  | Gained mutation: You are very robust. (+20% HP) [demonic
                  | ancestry]
 35829 | Swamp:4  | Reached XP level 17. HP: 60/162 MP: 18/26
 36495 | D:6      | Killed Gargoyl's ghost
 37005 | D:14     | Identified the +4 great mace of the Known World {flame,
                  | +Inv rF++ rC+ MR-} (You took it off a fire giant on level
                  | 14 of the Dungeon)
 37218 | Lair:1   | Killed Zarkath's ghost
 37411 | Snake:1  | Entered Level 1 of the Snake Pit
 37898 | Snake:1  | Reached skill level 5 in Shields
 37920 | Snake:1  | Reached skill level 5 in Throwing
 38387 | Snake:2  | Found Pois's Distillery.
 38466 | Snake:2  | Bought a potion of curing for 39 gold pieces
 38466 | Snake:2  | Bought a potion of haste for 130 gold pieces
 39395 | Snake:3  | Noticed Asterion
 40030 | Snake:3  | Killed Asterion
 40791 | Snake:3  | Found a hazy altar of Hepliaklqana.
 41220 | Snake:4  | Entered Level 4 of the Snake Pit
 41317 | Snake:4  | Noticed Vashnia
 41704 | Snake:4  | Reached skill level 1 in Necromancy
 41967 | Snake:4  | Reached XP level 18. HP: 171/171 MP: 27/27
 43317 | Snake:4  | Found Idicvif's Weapon Boutique.
 43524 | Snake:4  | Noticed Roxanne
 43571 | Snake:4  | HP: 6/172 [Vashnia/uncursed flail of draining (4)]
 43572 | Snake:4  | Killed Vashnia
 43789 | Snake:4  | Killed Roxanne
 44879 | Vaults:1 | Entered Level 1 of the Vaults
 45001 | Vaults:1 | Paralysed by a hornet for 3 turns
 45169 | Vaults:1 | Found Muqenaf's Gadget Shop.
 45289 | Vaults:1 | Reached skill level 17 in Maces & Flails
 45634 | Vaults:1 | Reached XP level 19. HP: 165/181 MP: 30/30
 45723 | Vaults:1 | Found a runed gate.
 45723 | Vaults:1 | Found a runed gate.
 45723 | Vaults:1 | Found an opulent altar of Gozag.
 45723 | Vaults:1 | Found a runed gate.
 45724 | Vaults:1 | Noticed Dask's ghost (veteran BaTm)
 45875 | Vaults:1 | Found Jaezeuh's Assorted Antiques.
 46226 | Vaults:2 | Reached skill level 10 in Throwing
 46312 | Vaults:2 | Found a staircase to the Crypt.
 46809 | Vaults:2 | Noticed Saint Roka
 46851 | Vaults:2 | HP: 9/182 [Saint Roka/divine providence (6)]
 46852 | Vaults:2 | HP: 1/182 [orc warrior/enchanted halberd[Saint Roka] (14)]
 47171 | Vaults:2 | Killed Saint Roka
 47171 | Vaults:2 | Reached skill level 10 in Shields
 48020 | Vaults:3 | Identified the +1 scale mail "Polecaz" {MR+ Regen+} (You
                  | found it on level 3 of the Vaults)
 48670 | Vaults:3 | Found Cadwibisie's Antique Armour Shoppe.
 49485 | Vaults:4 | Gained mutation: You frequently emit foul miasma when
                  | damaged in melee. [demonic ancestry]
 49485 | Vaults:4 | Reached XP level 20. HP: 176/192 MP: 30/33
 50366 | Vaults:4 | Gained mutation: Your mind is acute. (Int +2) [a neqoxec]
 51369 | Swamp:3  | Banished Riddle's ghost
 51374 | Swamp:3  | Got a bound steel ring
 51380 | Swamp:3  | Identified the +6 demon whip of Evisceration {chaos, rElec
                  | rPois rN+ Int-3} (You subdued it on level 3 of the Swamp)
 51382 | Swamp:3  | Identified the ring "Fagaewk" {+Inv Str+4 Int+4 Dex+2} (You
                  | found it on level 3 of the Swamp)
 51592 | Snake:3  | Identified the +2 pair of gloves "Faagauwenk" {*Contam
                  | +Blink Str+9} (You found it on level 3 of the Snake Pit)
 51822 | Snake:4  | Reached skill level 15 in Fighting
 52145 | Snake:4  | Got a serpentine rune of Zot
 52496 | Depths:1 | Entered Level 1 of the Depths
 52537 | Depths:1 | Found Dadimoil's Assorted Antiques.
 52538 | Depths:1 | Found Leesmonovo's Magic Scroll Boutique.
 52538 | Depths:1 | Found Buixonk's Armour Shop.
 52541 | Depths:1 | Found Ukko Tenk's Gadget Shop.
 52582 | Depths:1 | Reached skill level 10 in Spellcasting
 52628 | Depths:1 | Found a gateway to Hell.
 52653 | Depths:1 | Identified Joemische's Compendium of Poisoning
 53006 | Depths:1 | Found a one-way gate leading to the halls of Pandemonium.
 53517 | Depths:2 | Reached skill level 18 in Maces & Flails
 53543 | Depths:2 | Gained mutation: You are extremely robust. (+30% HP)
                  | [demonic ancestry]
 53543 | Depths:2 | Reached XP level 21. HP: 138/218 MP: 30/35
 53882 | Depths:2 | Noticed a juggernaut
 54743 | Depths:2 | Noticed a caustic shrike
 54923 | Depths:2 | Noticed a caustic shrike
 54923 | Depths:2 | Noticed a golden dragon
 54923 | Depths:2 | Noticed an ancient lich
 54935 | Depths:2 | Banished a caustic shrike
 55257 | Depths:2 | Reached skill level 10 in Dodging
 55354 | Depths:2 | Found a one-way gate to the infinite horrors of the Abyss.
 55386 | Depths:2 | Learned a level 6 spell: Deflect Missiles
 55459 | Depths:2 | Banished an ancient lich
 55831 | Depths:2 | Killed a caustic shrike
 55964 | Depths:2 | Got a scintillating platinum ring
 55965 | Depths:2 | Identified the ring of Qeeciufriply {*Drain +Fly MR+ Str+4
                  | Int+2} (You found it on level 2 of the Depths)
 55970 | Depths:2 | Identified the Incunabulum of Dark Secrets
 55976 | Depths:2 | Identified Advanced Wizardry
 56246 | Depths:3 | Found a gateway to a ziggurat.
 56600 | Depths:3 | Learned a level 3 spell: Ozocubu's Armour
 56604 | Depths:3 | Reached skill level 15 in Shields
 57018 | Depths:3 | Found a corrupted altar of Lugonu.
 57423 | Depths:3 | Reached XP level 22. HP: 154/235 MP: 27/36
 57445 | Depths:3 | Identified Ximas's Almanac of the Quantum Escort
 58112 | Depths:4 | Reached skill level 1 in Air Magic
 58188 | Depths:4 | Noticed Boris
 58208 | Depths:4 | Banished Boris
 58208 | Depths:4 | Reached skill level 1 in Ice Magic
 58212 | Depths:4 | Noticed a juggernaut
 59167 | Depths:4 | Got a fine golden ring
 59181 | Depths:5 | Entered Level 5 of the Depths
 59944 | Depths:5 | Reached skill level 5 in Air Magic
 60037 | Depths:5 | Noticed a juggernaut
 60053 | Depths:5 | Banished a juggernaut
 60053 | Depths:5 | Reached skill level 5 in Ice Magic
 60057 | Depths:5 | Noticed a golden dragon
 60063 | Depths:5 | Killed a golden dragon
 60126 | Depths:5 | Noticed a golden dragon
 60129 | Depths:5 | Reached skill level 10 in Charms
 60322 | Depths:5 | Killed a golden dragon
 60834 | Depths:5 | Noticed a golden dragon
 60835 | Depths:5 | Found a gate to the Realm of Zot.
 60893 | Depths:5 | Killed a golden dragon
 61618 | Elf:1    | Entered Level 1 of the Elven Halls
 61694 | Elf:1    | Reached XP level 23. HP: 244/244 MP: 37/37
 61702 | Elf:1    | Identified the Catalogue of Confrontation
 61894 | Elf:1    | Found Cossos Evve's Armour Emporium.
 62378 | Elf:2    | Noticed Agnes
 62389 | Elf:2    | Killed Agnes
 62496 | Elf:2    | Learned a level 5 spell: Summon Mana Viper
 62503 | Elf:2    | Learned a level 6 spell: Shadow Creatures
 62666 | Elf:2    | Reached skill level 1 in Summonings
 62887 | Elf:2    | Found a huge runed gate.
 62887 | Elf:2    | Found a huge runed gate.
 62898 | Elf:2    | Found a huge runed gate.
 63251 | Elf:2    | Reached skill level 5 in Summonings
 63430 | Elf:3    | Entered Level 3 of the Elven Halls
 63542 | Elf:3    | Identified Lyrghe's Collected Works on Weightlessness and
                  | Orientation
 63728 | Elf:3    | HP: 12/244 [deep elf blademaster/rapier (15)]
 64505 | Elf:3    | Got a flickering bronze ring
 64646 | Elf:3    | Cast into level 2 of the Abyss (a deep elf sorcerer)
 64683 | Abyss:2  | Found a corrupted altar of Lugonu.
 65027 | Abyss:2  | Reached skill level 10 in Summonings
 65500 | Abyss:3  | Got an abyssal rune of Zot
 65588 | Abyss:3  | Paralysed by accursed screaming for 1 turns
 65593 | Elf:3    | Escaped the Abyss
 65599 | Elf:3    | HP: 9/244 [deep elf sorcerer/damnation (14)]
 65602 | Elf:3    | Killed from afar by a deep elf sorcerer

Skill      XL: |  1  2  3  4  5  6  7  8  9 10 11 12 13 14 15 16 17 18 19 20 21 22 23 |
---------------+----------------------------------------------------------------------+-----
Maces & Flails | 2 3 4 5 7 10 11 12 14 15 16 17 18 | 18.0
Invocations    | 3 4 5 6 7 9 12 | 12.0
Armour         | 3 5 7 8 9 10 11 12 | 12.0
Fighting       | 4 6 8 9 10 11 12 13 14 15 17 | 17.2
Dodging        | 1 3 4 5 7 8 9 10 | 10.0
Evocations     | 3 4 |  4.6
Spellcasting   | 1 4 5 6 7 9 10 | 10.0
Charms         | 1 4 5 7 8 11 | 11.4
Hexes          | 3 4 |  4.0
Shields        | 1 4 6 9 11 13 15 | 15.0
Throwing       | 3 7 9 11 12 13 | 13.1
Necromancy     | 1 3 |  3.0
Air Magic      | 7 |  7.8
Ice Magic      | 6 |  6.0
Summonings     | 11 | 11.3

Action                   |  1- 3 |  4- 6 |  7- 9 | 10-12 | 13-15 | 16-18 | 19-21 | 22-24 || total
-------------------------+-------+-------+-------+-------+-------+-------+-------+-------++-------
Melee: Mace              |   103 |   159 |   559 |   707 |       |       |       |       ||  1528
       Unarmed           |       |     2 |    11 |       |       |       |       |       ||    13
       Eveningstar       |       |       |       |   305 |  1216 |  1835 |  1935 |  1218 ||  6509
Throw: Javelin           |       |       |       |       |     4 |     4 |     5 |    17 ||    30
 Cast: Song of Slaying   |       |       |       |       |    17 |    14 |     7 |    65 ||   103
       Spectral Weapon   |       |       |       |       |    10 |    10 |     8 |       ||    28
       Regeneration      |       |       |       |       |     6 |    18 |    11 |    67 ||   102
       Shroud of Golubri |       |       |       |       |     4 |     3 |     2 |    65 ||    74
       Swiftness         |       |       |       |       |     1 |       |       |     1 ||     2
       Ozocubu's Armour  |       |       |       |       |       |       |     9 |    88 ||    97
       Deflect Missiles  |       |       |       |       |       |       |       |     1 ||     1
Invok: Bend Space        |       |     1 |     1 |       |     3 |     5 |     3 |     1 ||    14
       Banish            |       |       |       |     1 |       |     5 |       |       ||     6
       Brand Weapon With |       |       |       |     1 |       |       |       |       ||     1
       Depart the Abyss  |       |       |       |       |       |       |       |     1 ||     1
 Abil: Evoke Blink       |       |       |       |       |     2 |       |       |       ||     2
       Evoke Flight      |       |       |       |       |       |       |     2 |     1 ||     3
       Stop Flying       |       |       |       |       |       |       |     1 |       ||     1
Evoke: Wand              |       |       |       |       |       |     1 |     4 |     1 ||     6
  Use: Potion            |       |     1 |     2 |     4 |     3 |     5 |     2 |     4 ||    21
       Scroll            |       |       |    13 |     8 |    16 |    10 |    14 |     4 ||    65
 Stab: Sleeping          |     1 |       |       |       |       |       |       |       ||     1
       Paralysed         |       |     1 |       |       |       |       |       |       ||     1
       Distracted        |       |       |       |       |       |     2 |       |       ||     2
       Confused          |       |       |       |       |       |     1 |       |       ||     1
  Eat: Chunk             |     1 |     8 |     9 |    30 |    36 |    22 |    38 |    30 ||   174
       Ration            |       |       |     4 |     2 |     1 |     8 |     1 |       ||    16
Armor: Leather armour    |    32 |    42 |   138 |       |       |       |       |       ||   212
       Skin              |       |     7 |     4 |       |       |       |       |       ||    11
       Chain mail        |       |       |    58 |   795 |   153 |       |       |       ||  1006
       Troll leather arm |       |       |       |       |   348 |   613 |   334 |   229 ||  1524
Dodge: Dodged            |    75 |   110 |   222 |   389 |   772 |  1355 |   715 |   470 ||  4108
       Deflected         |       |       |       |       |       |   209 |    64 |    40 ||   313
Block: Other             |       |       |    33 |   192 |   192 |   265 |       |       ||   682
       Reflection        |       |       |     1 |     4 |     8 |    62 |   142 |    67 ||   284
       Shield            |       |       |       |       |       |   247 |  1506 |   926 ||  2679
